 Dungeon Crawl Stone Soup version 0.30-a0-802-gb92711bcdf (webtiles) character file.

Game seed: 2150268086667515118

224 Pimp the Shield-Bearer (level 5, -2/48 HPs)
             Began as a Minotaur Fighter on Feb 23, 2023.
             Slain by an orc
             ... wielding a +0 mace
              (6 damage)
             ... on level 4 of the Dungeon.
             The game lasted 00:04:22 (1892 turns).

Pimp the Shield-Bearer (Minotaur Fighter)           Turns: 1892, Time: 00:04:23

Health: -2/48      AC: 11    Str: 22    XL:     5   Next: 67%
Magic:  4/4        EV:  9    Int:  5    God:
Gold:   112        SH:  0    Dex: 10    Spells: 4/4 levels left

rFire   + . .      SeeInvis .    a - +0 long sword
rCold   + . .      Faith    .    c - +0 buckler
rNeg    . . .      Spirit   .    b - +0 scale mail
rPois   +          Reflect  .    (helmet restricted)
rElec   +          Harm     .    h - +2 cloak
rCorr   +          Rampage  .    (no gloves)
Will    .....                    i - +0 pair of boots Stlth
                                 (no amulet)
HPRegen 0.28/turn                (no ring)
MPRegen 0.09/turn                (no ring)

@: confused, resistant, ambrosia-drunk
A: horns 2, retaliatory headbutt
a: no special abilities


You were on level 4 of the Dungeon.
You visited 1 branch of the dungeon, and saw 4 of its levels.

You collected 112 gold pieces.

Inventory:

Hand Weapons
 a - a +0 long sword (weapon)
Armour
 b - a +0 scale mail (worn)
 c - a +0 buckler (worn)
 h - a +2 cloak (worn)
 i - a +0 pair of boots (worn)
Jewellery
 n - a ring of protection from cold
Scrolls
 f - 2 scrolls of identify
 j - 2 scrolls of vulnerability
Potions
 d - 2 potions of might
 g - a potion of attraction
 k - a potion of degeneration
 l - a potion of ambrosia
 m - 2 potions of mutation {unknown}
 o - a potion of curing {unknown}


   Skills:
 + Level 5.0 Fighting
 + Level 4.2 Long Blades
 + Level 4.9 Armour
 + Level 5.0 Shields


You had 4 spell levels left.
You didn't know any spells.
Your spell library was empty.

Dungeon Overview and Level Annotations

Branches:
Dungeon (4/15)
 Temple: D:4-7

Altars:


Innate Abilities, Weirdness & Mutations

You have a pair of horns on your head.
You reflexively headbutt those who attack you in melee.


Message History

The giant cockroach barely misses you. The gnoll closely misses you.
The giant cockroach bites you. The gnoll hits you with a +0 whip.
The ogre barely misses you.
Okay, then.
The orc wizard gestures at you while chanting.
The magic dart hits you but does no damage.
The giant cockroach attacks as you move away!
The giant cockroach closely misses you. You block the orc's attack.
The orc wizard gestures at you while chanting.
The magic dart hits you.
* * * LOW HITPOINT WARNING * * *
The giant cockroach bites you but does no damage.
The orc attacks as you move away! You block the orc's attack.
The giant cockroach attacks as you move away!
The giant cockroach bites you but does no damage.
The orc wizard gestures at you while chanting.
You are confused.
You bump into the rock wall.
The giant cockroach bites you but does no damage.
The orc hits you with a +0 mace.
* * * LOW HITPOINT WARNING * * *
It was a potion of ambrosia.
You are more confused.
You feel invigorated. The giant cockroach bites you.
* * * LOW HITPOINT WARNING * * *
The gnoll hits you with a +0 whip.
* * * LOW HITPOINT WARNING * * *
The gnoll hits you but does no damage. The orc hits you but does no damage.
The gnoll barely misses you.
It was a potion of resistance.
You feel protected.
The giant cockroach bites you but does no damage.
The gnoll hits you from afar with a +0 halberd!
* * * LOW HITPOINT WARNING * * *
The gnoll hits you but does no damage. x2
The orc wizard gestures wildly while chanting.
The orc wizard flickers and vanishes!
Deactivating autopickup; reactivate with Ctrl-A.
The orc hits you with a +0 mace.
You die...

#.#. #..<....#
#>. #.......#
..# #.#.#####
.####.#....##
#...#))...##
.##.......# .#
#....[..# ..
#....g..#
#...{o@##
#...OBg##
#...g.h.#
.######.......#
.......!g.....#
.#...........##
...####.#...##
.. #.##### #.#


You could see an ogre, a hound, 4 gnolls, an orc and a giant cockroach.

Vanquished Creatures
  A black bear (D:4)
  Crazy Yiuf (D:3)
  An iguana (D:4)
  Terence (D:3)
  An adder (D:4)
  4 bats
  4 endoplasms (D:1)
  2 giant cockroaches (D:1)
  4 goblins
  A hobgoblin (D:4)
  3 jackals (D:4)
  A quokka (D:1)
  3 ball pythons
  3 frilled lizards
  10 kobolds
  4 rats
44 creatures vanquished.

Notes
Turn   | Place    | Note
-------+----------+-------------------------------------------
     0 | D:1      | Pimp the Minotaur Fighter began the quest for the Orb.
     0 | D:1      | Reached XP level 1. HP: 19/19 MP: 0/0
   156 | D:1      | Reached XP level 2. HP: 24/27 MP: 1/1
   412 | D:1      | Found a faded altar of an unknown god.
   753 | D:2      | You fall into a shaft and drop 1 floor!
   796 | D:3      | Found a runed translucent door.
   797 | D:3      | Noticed Crazy Yiuf
   961 | D:3      | Killed Crazy Yiuf
   962 | D:3      | Reached XP level 3. HP: 8/33 MP: 0/2
  1431 | D:3      | Noticed Terence
  1435 | D:3      | Killed Terence
  1436 | D:3      | Reached XP level 4. HP: 41/41 MP: 3/3
  1758 | D:4      | Noticed a black bear
  1763 | D:4      | Killed a black bear
  1764 | D:4      | Reached XP level 5. HP: 47/47 MP: 4/4
  1843 | D:4      | Identified the +3 spear of Quqomess {heavy, Int+2}
  1868 | D:4      | Reached skill level 5 in Shields
  1876 | D:4      | Reached skill level 5 in Fighting
  1879 | D:4      | Noticed an ogre
  1892 | D:4      | Slain by an orc

Illustrated notes

Levels and vault maps discovered:
D:1:      scummos_arrival_simple_fountains, layout_loops_ring,
          hellmonk_ecumenical_altar_slurped_away
D:2:      layout_basic
D:3:      layout_basic, uniq_terence, uniq_crazy_yiuf_cottage
D:4:      layout_rooms, chequers_temple_overflow_minitemple,
          mainiacjoe_overflow_catwalk_spiral, lightli_sewer_entry_pipes,
          uniq_menkaure, uniq_sigmund

Skill      XL: |  1  2  3  4  5 |
---------------+----------------+-----
Fighting       | 4 5 |  5.0
Armour         | 4 |  4.9
Long Blades    | 3 4 |  4.2
Shields        | 4 5 |  5.0

Action                     |  1- 3 |  4- 6 || total
---------------------------+-------+-------++-------
  Melee: Long sword        |    69 |    26 ||    95
         Headbutt          |     8 |     3 ||    11
    Use: Scroll            |     5 |     1 ||     6
         Potion            |       |     2 ||     2
 Armour: Scale mail        |    40 |    30 ||    70
  Dodge: Dodged            |    38 |    31 ||    69
  Block: Buckler           |    15 |     9 ||    24

Table legend: (Time is in decaauts)
 A = Elapsed time spent in this place.
 B = Non-inter-level travel time spent in this place.
 C = Inter-level travel time spent in this place.
 D = Time resting spent in this place.
 E = Time spent auto-exploring this place.
 F = Levels seen in this place.
 G = Mean time per level.
                   A        B        C        D        E       F      G
               +--------+--------+--------+--------+--------+-----+--------+
         Total |   1917 |   1812 |    105 |    167 |   1260 |   4 |  479.2 |
       Dungeon |   1917 |   1812 |    105 |    167 |   1260 |   4 |  479.2 |
               +--------+--------+--------+--------+--------+-----+--------+

Top non-repeatable levels by time:
     D:3: 1013 daAuts
     D:1: 766 daAuts
     D:4: 138 daAuts
